 Dungeon Crawl Stone Soup version 0.18-a0-1120-g03bd624 (console) character file.

51 FIQ the Caller (level 3, 0/19 HPs)
             Began as a Deep Elf Summoner on Jan 18, 2016.
             Slain by Natasha (6 damage)
             ... on level 2 of the Dungeon.
             The game lasted 00:09:23 (2586 turns).

FIQ the Caller (Deep Elf Summoner)                  Turns: 2586, Time: 00:09:23

Health: 0/19       AC:  6    Str:  5    XL:     3   Next: 57%
Magic:  8/10       EV: 13    Int: 20    God:
Gold:   40         SH:  0    Dex: 15    Spells: 1 memorised, 8 levels left

rFire  . . .     SeeInvis .     f - +0 spear
rCold  . . .     Gourm    .     a - +0 robe
rNeg   . . .     Faith    .     (no shield)
rPois  .         Spirit   .     j - +0 helmet
rElec  .         Dismiss  .     (no cloak)
rCorr  .         Reflect  .     (no gloves)
SustAt .         Harm     .     k - +2 pair of boots
MR     .....                    (no amulet)
Stlth  ++........               (no ring)
                                (no ring)

@: not resistant to hostile enchantments, unstealthy
A: no striking features
a: no special abilities


You were on level 2 of the Dungeon.
You were not hungry.

You visited 1 branch of the dungeon, and saw 2 of its levels.

You collected 40 gold pieces.

Inventory:

Hand Weapons
 f - a +0 spear (weapon)
Armour
 a - a +0 robe (worn)
 j - a +0 helmet (worn)
 k - a +2 pair of boots (worn)
Scrolls
 e - 3 scrolls of identify {unknown}
 h - 2 scrolls of enchant armour {unknown}
Potions
 g - a potion of cure mutation {unknown}
 i - a potion of curing {unknown}
Books
 b - a book of Callings

   Spells                             Type                      Level
   a - Summon Small Mammal            Summoning                    1
   b - Call Imp                       Summoning                    2
   c - Call Canine Familiar           Summoning                    3
   d - Summon Guardian Golem          Hexes/Summoning              3
   e - Summon Lightning Spire         Summoning/Air                4
   f - Summon Ice Beast               Ice/Summoning                4
Comestibles
 c - a bread ration


   Skills:
 + Level 3.4 Dodging
 - Level 2.4 Stealth
 + Level 3.5 Spellcasting
 + Level 5.2 Summonings


You had 8 spell levels left.
You knew the following spells:

 Your Spells              Type           Power        Failure   Level  Hunger
a - Summon Small Mammal   Summ           ###.         1%          1    None


Dungeon Overview and Level Annotations

Branches:
Dungeon (2/15)

Altars:

Annotations:
D:2 Natasha


Message History

Something claws you.
The shadow imp hits you but does no damage.
Your rat bites the shadow imp.
Casting: Summon Small Mammal
Confirm with . or Enter, or press ? or * to list all spells.
Something claws you.
Your rat closely misses the shadow imp.
The shadow imp barely misses you.
You hit something. Something claws you.
Your quokka misses something. The shadow imp barely misses you.
Your rat barely misses the shadow imp.
You hit something.
Your quokka closely misses something.
Something barely misses you.
Your rat bites the shadow imp.
The shadow imp hits your rat.
Your rat dies!
Your rat's corpse disappears in a puff of smoke!
You hit something but do no damage.
Your quokka bites something.
Something claws you! The shadow imp barely misses you.
Your quokka misses something.
Casting: Summon Small Mammal
Confirm with . or Enter, or press ? or * to list all spells.
Something claws you but does no damage. The shadow imp misses you.
Your quokka barely misses something.
You hit the shadow imp but do no damage.
The shadow imp is heavily wounded.
Something claws you.
You die...

##.#...## #........ ..
#........ ..####........
#............#
#.......#....#
#..####.##.#.# #..#
#.##.#.# # #..# #.##.#.#
....#######..####.......
#..r.@5r........##....
#########.########.#.#
#.............
#............#
##############


You could see a shadow imp and 2 friendly quokkas.

Vanquished Creatures
  3 giant geckos
  5 bats (D:1)
  4 giant cockroaches
  3 hobgoblins
  2 giant newts
  6 goblins
  4 kobolds (D:1)
  2 rats
29 creatures vanquished.

Vanquished Creatures (collateral kills)
  Natasha (D:2)
  A worm (D:2)
2 creatures vanquished.

Grand Total: 31 creatures vanquished

Notes
Turn   | Place    | Note
--------------------------------------------------------------
     0 | D:1      | FIQ the Deep Elf Summoner began the quest for the Orb.
     0 | D:1      | Reached XP level 1. HP: 10/10 MP: 6/6
   872 | D:1      | Reached XP level 2. HP: 13/15 MP: 8/8
  1951 | D:1      | Reached skill level 5 in Summonings
  2119 | D:2      | Noticed Natasha
  2128 | D:2      | Killed Natasha
  2128 | D:2      | Reached XP level 3. HP: 19/19 MP: 7/9
  2575 | D:2      | Noticed Natasha
  2586 | D:2      | Slain by Natasha

Vault maps used:
D:1:      minmay_arrival_loop
D:2:      minmay_quantized, uniq_natasha, uniq_sigmund

Action                   || total
-------------------------++-------
Melee: Unarmed           ||    86
       Spear             ||   165
 Cast: Summon Small Mamm ||    10
  Use: Potion            ||     1
 Stab: Sleeping          ||     7
       Distracted        ||     1
  Eat: Chunk             ||     6
